 Dungeon Crawl Stone Soup version 0.29-a0-352-g0917bc69df (webtiles) character file.

Game seed: 1591437613046355615

4336 avis the Insei (level 10, -2/71 HPs)
             Began as an Octopode Transmuter on Apr 25, 2022.
             Was an Initiate of Gozag.
             Slain by a vampire (14 damage)
             ... on level 7 of the Dungeon.
             The game lasted 01:04:40 (9017 turns).

avis the Insei (Octopode Transmuter)                Turns: 9017, Time: 01:04:41

Health: -2/71      AC:  1    Str: 12    XL:     10   Next: 33%
Magic:  15/16      EV: 15    Int: 21    God:    Gozag
Gold:   1192       SH:  7    Dex: 19    Spells: 0/17 levels left

rFire   . . .      SeeInvis .   B - +0 hand axe (venom)
rCold   . . .      Faith    .   S - +1 buckler
rNeg    + + +      Spirit   .   (helmet currently unavailable)
rPois   .          Reflect  .   N - amulet of regeneration
rElec   .          Harm     .   A - +6 ring of strength
rCorr   .          Rampage  .   j - ring of willpower
Will    +....                   T - ring "Wiot" {rN+++ Str-5 Int+6 Dex+3}
Stlth   ++++......              V - ring of wizardry
HPRegen 1.01/turn               (no ring)
MPRegen 0.15/turn               (no ring)
                                (no ring)
                                (no ring)

@: appendages, gold aura, hasted, very quick
A: tentacle spike 3, almost no armour, amphibious, 8 rings, camouflage 1,
gelatinous body 1, (nimble swimmer 1), tentacles
a: End Transformation, Renounce Religion, Potion Petition, Call Merchant, Bribe
Branch


You were on level 7 of the Dungeon.
You worshipped Gozag.
Gozag was most pleased with you.
One of your tentacles had grown a beastly spike.
You visited 1 branch of the dungeon, and saw 7 of its levels.
You also visited: Bailey.

You collected 1787 gold pieces.
You spent 552 gold pieces at shops.
You paid 43 gold pieces to Gozag.

Inventory:

Hand Weapons
 a - a +3 quarterstaff of chaos
 k - a +0 hunting sling
 l - a +4 falchion
 s - a +1 short sword of draining
 u - a +0 long sword of distortion
 B - a +0 hand axe of venom (weapon)
 L - a +0 mace of draining
 M - a +2 dagger of venom
 O - a +1 dagger of draining
 R - a +1 whip of electrocution
 X - a +0 lajatang
Missiles
 b - 276 stones
 w - 6 poisoned darts
 C - 10 boomerangs
 P - 8 throwing nets
Armour
 S - a +1 buckler (worn)
Magical Staves
 W - a staff of air
 Y - a staff of fire
Jewellery
 i - an amulet of the acrobat
 j - a ring of willpower (right tentacle)
 A - a +6 ring of strength (left tentacle)
 F - an amulet of magic regeneration
 N - an amulet of regeneration (around mantle)
 T - the ring "Wiot" (on tentacle) {rN+++ Str-5 Int+6 Dex+3}
   (You found it on level 6 of the Dungeon)

   [ring of intelligence]

   Str:       It affects your strength (-5).
   Int:       It affects your intelligence (+6).
   Dex:       It affects your dexterity (+3).
   rN:        It renders you almost immune to negative energy.
 V - a ring of wizardry (on tentacle)
Wands
 D - a wand of flame (51)
 H - a wand of charming (1)
Scrolls
 c - 2 scrolls of brand weapon {unknown}
 d - 2 scrolls of enchant weapon {unknown}
 f - a scroll of vulnerability {unknown}
 h - a scroll of amnesia {unknown}
 p - 3 scrolls of immolation
 q - 2 scrolls of enchant armour
 x - a scroll of noise {unknown}
 y - a scroll of fog {unknown}
 z - a scroll of acquirement {unknown}
 E - 4 scrolls of teleportation
 K - 2 scrolls of fear {unknown}
 Q - a scroll of blinking {unknown}
 U - a scroll of summoning {unknown}
Potions
 e - a potion of haste
 g - 3 potions of curing
 m - 2 potions of mutation
 n - 4 potions of lignification
 o - 2 potions of might
 r - a potion of flight
 t - 5 potions of berserk rage
 v - 3 potions of resistance
 G - 2 potions of attraction
 I - a potion of cancellation
 J - a potion of brilliance


   Skills:
 - Level 7.0 Fighting
 - Level 5.0 Dodging
 - Level 4.0 Stealth
 - Level 4.0 Shields
 - Level 7.0 Unarmed Combat
 - Level 4.0 Spellcasting
 * Level 4.6 Translocations
 - Level 5.0 Transmutations
 - Level 4.0 Ice Magic
 - Level 2.0 Poison Magic


You couldn't memorise any spells.
You knew the following spells:

 Your Spells              Type           Power      Damage    Failure   Level
a - Beastly Appendage     Tmut           50%        N/A       1%          1
b - Blink                 Tloc           46%        N/A       1%          2
c - Passwall              Tmut/Erth      11%        N/A       3%          2
p - Spider Form           Tmut/Pois      18%        N/A       4%          3
q - Ice Form              Ice/Tmut       23%        N/A       10%         4
M - Manifold Assault      Tloc           23%        N/A       26%         5

Your spell library contained the following spells:

 Spells                   Type           Power      Damage    Failure   Level
 Wereblood                Tmut           25%        N/A       1%          2
 Lesser Beckoning         Tloc           23%        N/A       2%          3
 Sandblast                Erth           8%         2d5       6%          1
 Slow                     Hex            16%        N/A       6%          1
 Portal Projectile        Hex/Tloc       26%        N/A       8%          3
 Confusing Touch          Hex            4%         N/A       17%         3
 Stone Arrow              Conj/Erth      8%         3d7       17%         3
 Vampiric Draining        Necr           4%         2d6       17%         3
 Animate Dead             Necr           2%         N/A       50%         4
 Summon Mana Viper        Hex/Summ       4%         N/A       82%         5
 Borgnjor's Revivificati  Necr           2%         N/A       100%        8


Dungeon Overview and Level Annotations

Branches:
Dungeon (7/15)             Bailey (visited)
 Temple: D:4-7

Altars:
Ashenzari
Gozag

Shops:
D:5 [!(

Annotations:
D:7 2 runed translucent doors


Innate Abilities, Weirdness & Mutations

One of your tentacles has grown a beastly spike.
You cannot wear most types of armour.
You are amphibious.
You can wear up to eight rings at the same time.
Your skin changes colour to match your surroundings (Stealth+).
Your rubbery body absorbs attacks. (AC +1, EV +1)
((You are camouflaged when in or above water. (Stealth+)))
You have tentacles for arms and can constrict up to eight enemies at once.


Message History

Something bites you but does no damage.
You hit something but do no damage. You hit something but do no damage.
An orc priest comes into view. It is wielding a +0 club.
Something hits you. Something bites you!
* * * LOW HITPOINT WARNING * * *
You hit something.
You feel better.
Your transformation has ended.
Your +0 hand axe of venom unmelds from your body.
Your +1 buckler unmelds from your body.
Your +0 hand axe of venom begins to drip with poison!
Something hits you.
* * * LOW HITPOINT WARNING * * *
You block something's attack.
You feel better.
The orc priest miscasts a cantrip.
You block something's attack. Something bites you!
* * * LOW HITPOINT WARNING * * *
You feel better. Something hits you but does no damage.
Something barely misses you.
You hit something but do no damage.
Casting: Spider Form (dangerous; 4% risk of failure)
Confirm with . or Enter, or press ? or * to list all spells.
One of your tentacles grows a vicious spike.
Something hits you.
* * * LOW HITPOINT WARNING * * *
Something barely misses you.
You barely miss something.
Your tentacle spike misses something.
Your squeeze misses something. Something barely misses you. x2
You hit something but do no damage.
Your tentacle spike misses something.
Something hits you.
* * * LOW HITPOINT WARNING * * *
Something bites you!
* * * LOW HITPOINT WARNING * * *
You feel better.
The orc priest invokes the aid of Beogh against you.
Something hits you!
You die...
Your body crumbles into a pile of gold.

># ###...###.# .#
#.........#
###...##### ##.##
####.#### #.......#
#######.# ########
#.##### #..@{..##
#.....#
#####o..###.###..#
###...##...# #
#....$...#..# $
..?.........#..#
#...........#.#...
$
+........##.##:##..
+...##....... .#
#..# #..# ##.##...#
. .##


You could see an orc priest.

Vanquished Creatures
  Pikel (D:6)
  Maggie (D:6)
  A steam dragon (D:6)
  Duvessa (D:6)
  6 sky beasts
  2 black bears (D:4)
  3 wolves (Bailey)
  A centaur (D:7)
  3 lemures
  An ogre (D:6)
  7 gnoll sergeants
  2 bullfrogs
  5 scorpions
  Dowan (D:6)
  3 killer bees (D:7)
  2 howler monkeys (D:7)
  4 hounds
  3 orc priests (D:5)
  2 jellies
  Crazy Yiuf (D:2)
  6 gnoll shamans
  Jessica (D:2)
  Ijyb (D:5)
  4 orc wizards
  19 gnolls
  6 adders
  A shadow imp (D:6)
  3 white imps
  An ufetubus (D:7)
  4 worms
  2 dart slugs (D:2)
  19 orcs
  7 endoplasms
  3 giant cockroaches
  11 goblins
  8 hobgoblins
  8 jackals
  5 quokkas
  5 ball pythons
  4 bats
  2 frilled lizards
  3 kobolds (D:3)
  2 rats
175 creatures vanquished.

Vanquished Creatures (collateral kills)
  A wolf (Bailey)
  A gnoll shaman (Bailey)
  2 gnolls (Bailey)
4 creatures vanquished.

Vanquished Creatures (others)
  3 gnoll sergeants (Bailey)
  A gnoll shaman (Bailey)
  2 gnolls (Bailey)
6 creatures vanquished.

Grand Total: 185 creatures vanquished

Notes
Turn   | Place    | Note
-------+----------+-------------------------------------------
     0 | D:1      | avis the Octopode Transmuter began the quest for the Orb.
     0 | D:1      | Reached XP level 1. HP: 13/13 MP: 3/3
    77 | D:1      | Reached skill level 1 in Stealth
   407 | D:1      | Reached XP level 2. HP: 15/18 MP: 3/5
   728 | D:1      | Found a faded altar of an unknown god.
   827 | D:1      | Reached XP level 3. HP: 24/24 MP: 4/6
   846 | D:1      | Learned a level 3 spell: Spider Form
  1007 | D:2      | Noticed Jessica
  1013 | D:2      | Killed Jessica
  1104 | D:2      | Reached XP level 4. HP: 29/29 MP: 5/7
  1741 | D:2      | Found an opulent altar of Gozag.
  1751 | D:2      | Became a worshipper of Gozag Ym Sagoz the Greedy
  1839 | D:2      | Found a runed translucent door.
  1840 | D:2      | Noticed Crazy Yiuf
  1854 | D:2      | Killed Crazy Yiuf
  1855 | D:2      | Reached XP level 5. HP: 2/36 MP: 5/8
  2436 | D:3      | Learned a level 2 spell: Passwall
  3365 | D:4      | Noticed a black bear
  3381 | D:4      | Killed a black bear
  3382 | D:4      | Reached skill level 5 in Unarmed Combat
  3382 | D:4      | Reached XP level 6. HP: 30/42 MP: 6/9
  3669 | D:4      | Learned a level 2 spell: Blink
  4005 | D:4      | Noticed a black bear
  4015 | D:4      | Killed a black bear
  4016 | D:4      | Reached XP level 7. HP: 35/48 MP: 7/11
  4347 | D:4      | Learned a level 4 spell: Ice Form
  4349 | D:5      | Entered Level 5 of the Dungeon
  4468 | D:5      | Reached skill level 1 in Translocations
  4480 | D:5      | Found Zoufam's Distillery.
  4488 | D:5      | Bought a potion of attraction for 36 gold pieces
  4488 | D:5      | Bought a potion of curing for 36 gold pieces
  4488 | D:5      | Bought 2 potions of heal wounds for 120 gold pieces
  4488 | D:5      | Bought a potion of cancellation for 96 gold pieces
  4488 | D:5      | Bought a potion of brilliance for 48 gold pieces
  4488 | D:5      | Bought 2 potions of berserk rage for 120 gold pieces
  4488 | D:5      | Bought a potion of mutation for 96 gold pieces
  4596 | D:5      | Found a broken altar of Ashenzari.
  4681 | D:5      | Noticed Ijyb
  4691 | D:5      | Killed Ijyb
  4889 | D:5      | Found Kainivuu's Weapon Shoppe.
  4990 | D:5      | Found Tovinaxu's Antique Armour Shop.
  5344 | D:5      | Reached XP level 8. HP: 16/52 MP: 10/12
  6103 | D:6      | Reached skill level 5 in Fighting
  6443 | D:6      | Noticed Pikel
  6448 | D:6      | Killed Pikel
  6449 | D:6      | Reached XP level 9. HP: 56/61 MP: 10/13
  6963 | D:6      | Reached skill level 5 in Dodging
  6974 | D:6      | Identified the ring "Wiot" {rN+++ Str-5 Int+6 Dex+3}
  6984 | D:6      | Noticed Duvessa
  6993 | D:6      | Killed Duvessa
  6993 | D:6      | Noticed Dowan
  6998 | D:6      | Killed Dowan
  7192 | D:7      | Found a flagged portal.
  7205 | D:7      | Reached skill level 5 in Transmutations
  7228 | D:7      | Reached skill level 1 in Shields
  7232 | Bailey   | Entered a bailey
  7767 | Bailey   | Got the Almanac of Darkness and Beguiling
  8088 | Bailey   | Reached XP level 10. HP: 50/69 MP: 14/14
  8181 | Bailey   | Identified the +2 helmet "Pioviyje" {rN++}
  8382 | D:7      | Noticed Maggie
  8414 | D:6      | Learned a level 5 spell: Manifold Assault
  8699 | D:6      | Paralysed by Maggie for 3 turns
  8714 | D:6      | Killed Maggie
  8985 | D:7      | Found a large runed translucent door.
  8985 | D:7      | Found a large runed translucent door.
  9016 | D:7      | HP: 3/71 [something (14)]
  9017 | D:7      | Slain by a vampire

Illustrated notes

Levels and vault maps discovered:
D:1:      minmay_arrival_jagged, layout_basic,
          dreamdust_ecumenical_altar_hidden_monk_grotto
D:2:      layout_loops_ring, basic_altar, minmay_goblin_outpost, uniq_jessica,
          uniq_crazy_yiuf_cottage
D:3:      kennysheep_big_flooded_room, layout_rooms, due_unseen_surprise
D:4:      layout_rooms, chequers_serial_rivers_room_a,
          kennysheep_opposing_triangles
D:5:      layout_basic, mainiacjoe_overflow_surrounded_room, serial_shops,
          kennysheep_mini, nicolae_diamond_shop, nicolae_inconvenience_store,
          uniq_ijyb
D:6:      layout_loops_cross, uniq_pikel, uniq_duvessa
D:7:      layout_loops_ring, minmay_temple_entry_poolview,
          ebering_ghost_disaster_area, enter_bailey_2, minmay_manual_mess,
          uniq_maggie

Skill      XL: |  1  2  3  4  5  6  7  8  9 10 |
---------------+-------------------------------+-----
Stealth        | 2 3 4 |  4.0
Fighting       | 2 3 4 5 6 7 |  7.0
Poison Magic   | 2 |  2.0
Unarmed Combat | 5 6 7 |  7.0
Transmutations | 3 4 5 |  5.0
Spellcasting   | 3 4 |  4.0
Translocations | 1 2 4 |  4.6
Dodging        | 3 5 |  5.0
Ice Magic      | 4 |  4.0
Shields        | 4 |  4.0

Action                   |  1- 3 |  4- 6 |  7- 9 | 10-12 || total
-------------------------+-------+-------+-------+-------++-------
Melee: Unarmed           |    53 |    41 |   151 |    97 ||   342
       Constrict         |    14 |    15 |    20 |     2 ||    51
       Kick              |    16 |    16 |    32 |     5 ||    69
       Tentacles         |     9 |    13 |    16 |     2 ||    40
       Punch             |     2 |     4 |     3 |       ||     9
       Quarterstaff      |       |    61 |    50 |       ||   111
       Hand axe          |       |       |    23 |    11 ||    34
 Cast: Beastly Appendage |    19 |    25 |    23 |     4 ||    71
       Spider Form       |       |     7 |    21 |    16 ||    44
       Passwall          |       |     2 |       |       ||     2
       Ice Form          |       |       |     3 |     1 ||     4
       Blink             |       |       |     1 |     1 ||     2
Evoke: Wand              |       |       |    13 |       ||    13
  Use: Scroll            |       |       |     7 |     1 ||     8
       Potion            |       |       |     3 |     7 ||    10
 Stab: Sleeping          |     5 |     9 |     8 |       ||    22
       Distracted        |       |       |     1 |       ||     1
       Paralysed         |       |       |     1 |       ||     1
Armor: Skin              |     7 |    10 |    22 |    12 ||    51
Dodge: Dodged            |    34 |    80 |   238 |   108 ||   460
Block: Buckler           |       |       |    14 |     2 ||    16

Table legend: (Time is in decaauts)
 A = Elapsed time spent in this place.
 B = Non-inter-level travel time spent in this place.
 C = Inter-level travel time spent in this place.
 D = Time resting spent in this place.
 E = Time spent auto-exploring this place.
 F = Levels seen in this place.
 G = Mean time per level.
                   A        B        C        D        E       F      G
               +--------+--------+--------+--------+--------+-----+--------+
         Total |   9032 |   8196 |    836 |   2540 |   2429 |   8 | 1129.0 |
       Dungeon |   7998 |   7162 |    836 |   2316 |   2396 |   7 | 1142.6 |
        Bailey |   1034 |   1034 |      0 |    224 |     33 |   1 | 1034.0 |
               +--------+--------+--------+--------+--------+-----+--------+

Top non-repeatable levels by time:
     D:5: 1762 daAuts
     D:2: 1547 daAuts
     D:6: 1333 daAuts
     D:4: 1208 daAuts
  Bailey: 1034 daAuts
     D:1: 995 daAuts
     D:3: 812 daAuts
     D:7: 339 daAuts
